 Dungeon Sprint DCSS version 0.30-a0-23-ge60ba3568b (webtiles) character file.

Game seed: 13271479846924917315

220 mhtbhm the Unseen (level 5, -5/28 HPs)
             Began as a Spriggan Brigand on Aug 26, 2022.
             Was an Initiate of Dithmenos.
             Slain by a red devil
             ... wielding a +0 trident
             ... summoned by a kobold demonologist
              (7 damage)
             ... in the Dungeon (Sprint III: "The Ten Rune Challenge").
             The game lasted 00:02:02 (524 turns).

mhtbhm the Unseen (Spriggan Brigand)                 Turns: 524, Time: 00:02:03

Health: -5/28      AC:  5    Str:  7    XL:     5   Next: 64%
Magic:  6/6        EV: 17    Int: 13    God:    Dithmenos [......]
Gold:   15         SH:  0    Dex: 18    Spells: 4/4 levels left

rFire   . . .      SeeInvis +    a - +2 dagger
rCold   . . .      Faith    .    (no shield)
rNeg    . . .      Spirit   .    b - +0 robe
rPois   .          Reflect  .    (helmet restricted)
rElec   .          Harm     .    c - +0 cloak
rCorr   .          Rampage  .    (gloves unavailable)
Will    .....      NoTele   +    (boots unavailable)
Stlth   ++++++....               (no amulet)
HPRegen 0.09/turn                (no ring)
MPRegen 0.10/turn                (no ring)

@: spiked, very quick
A: very small, no large weapons, unfitting armour, see invisible, speed 3,
iridescent scales 1
a: Renounce Religion


You were in the Dungeon.
You worshipped Dithmenos.
Dithmenos was noncommittal.
You visited 1 branch You collected 15 gold pieces.

Inventory:

Hand Weapons
 a - a +2 dagger (weapon)
Missiles
 d - 9 poisoned darts (quivered)
Armour
 b - a +0 robe (worn)
 c - a +0 cloak (worn)
Jewellery
 l - a ring of fire
Wands
 j - a wand of mindburst (11)
Scrolls
 f - a scroll of torment {unknown}
 k - a scroll of blinking
 m - a scroll of vulnerability {unknown}
 n - a scroll of summoning {unknown}
 p - a scroll of poison {unknown}
 q - 2 scrolls of identify
Potions
 h - a potion of haste
 i - 2 potions of magic
 o - 3 potions of flight
 r - 3 potions of mutation


   Skills:
 + Level 3.0 Fighting
 + Level 3.9 Short Blades
 + Level 5.5 Throwing
 + Level 2.0 Dodging
 + Level 15.3 Stealth
 * Level 1.0 Invocations


You had 4 spell levels left.
You didn't know any spells.
Your spell library was empty.

Dungeon Overview and Level Annotations

Branches:
Dungeon (1/1)

Altars:
Dithmenos
Kikubaaqudgha
Ru
Sif Muna
Vehumet
Yredelemnul


Innate Abilities, Weirdness & Mutations

You are very small and have problems with some larger weapons.
You are too small for most types of armour.
You have supernaturally acute eyesight. (SInv)
You cover ground extremely quickly. (Speed+++)
You are partially covered in iridescent scales. (AC +2)


Message History

The kobold demonologist mumbles some strange words.
The red devil hits you with a +0 trident!!
Ouch! That really hurt!
Barbed spikes become lodged in your body.
Unknown command.
Unknown command.
Okay, then.
Throw: dart (curare)
Press: ? - help, Q - select action, (/) - cycle Shift-Dir - straight line, f/p - kobold demonologist
Aim: a kobold demonologist, wielding a +0 dagger and wearing a +0 robe (54% to hit)
You throw a curare-tipped dart.
The curare-tipped dart hits the kobold demonologist.
The kobold demonologist is poisoned.
The kobold demonologist convulses.
The kobold demonologist seems to slow down.
The kobold demonologist is severely wounded.
The red devil barely misses you.
You feel much better.
The crimson imp blinks!
The red devil hits you with a +0 trident!
Ouch! That really hurt!
Barbed spikes become lodged in your body.
Unknown command.
You closely miss the kobold demonologist.
The kobold demonologist is almost dead.
The kobold demonologist casts a cantrip, but nothing happens.
You hit the kobold demonologist but do no damage.
The kobold demonologist is almost dead.
The red devil hits you but does no damage.
You hit the kobold demonologist but do no damage.
The kobold demonologist is almost dead.
The red devil hits you with a +0 trident!
* * * LOW HITPOINT WARNING * * *
Barbed spikes become lodged in your body.
The crimson imp blinks!
Unknown command.
You hit the kobold demonologist but do no damage.
Your punch misses the kobold demonologist.
The kobold demonologist is almost dead.
The kobold demonologist mumbles some strange words.
The red devil hits you with a +0 trident!
You die...

.#......#####..# #__#
##.......#..#..# #._#
.##)##...#..#..###+#+###'##
.##.###†.##'#..#..........#
####.##..###...'.).)......#
##..##..####...#...######+#
....##..###....#.⌠.#
#..##...##.....#.5.#
..##....#......#@###
.###..##.#.....#4K5# .#
#..#####....#§_5# ▓▓ ▓▓▓▓
▓▓▓▓▓▓▓▓▓▓


You could see a kobold demonologist (very poisoned, slow), a red devil
(summoned) and 3 crimson imps.

Vanquished Creatures
  A water elemental (D)
  A necrophage (D)
  Crazy Yiuf (D)
  A wizard (D)
  A necromancer (D)
  A human (D)
  4 rats (D)
10 creatures vanquished.

Notes
Turn   | Place    | Note
-------+----------+-------------------------------------------
     0 | D        | mhtbhm the Spriggan Brigand began the quest for the Orb.
     0 | D        | Reached XP level 1. HP: 10/10 MP: 2/2
    10 | D        | Reached skill level 6 in Stealth
    73 | D        | Reached skill level 9 in Stealth
    73 | D        | Reached XP level 2. HP: 8/15 MP: 3/3
   199 | D        | Noticed Crazy Yiuf
   229 | D        | Killed Crazy Yiuf
   230 | D        | Reached skill level 10 in Stealth
   230 | D        | Reached XP level 3. HP: 8/18 MP: 4/4
   285 | D        | Gained mutation: Armour fits poorly on your strangely
                  | shaped body. [potion of mutation]
   285 | D        | Gained mutation: You are partially covered in iridescent
                  | scales. (AC +2) [potion of mutation]
   286 | D        | Lost mutation: Armour fits poorly on your strangely shaped
                  | body. [potion of mutation]
   286 | D        | Lost mutation: You are partially covered in iridescent
                  | scales. (AC +2) [potion of mutation]
   286 | D        | Gained mutation: You are partially covered in iridescent
                  | scales. (AC +2) [potion of mutation]
   407 | D        | Noticed a water elemental
   409 | D        | Killed a water elemental
   410 | D        | Reached skill level 12 in Stealth
   410 | D        | Reached XP level 4. HP: 23/23 MP: 5/5
   417 | D        | Found a basalt altar of Yredelemnul.
   417 | D        | Found a shadowy altar of Dithmenos.
   417 | D        | Found a sacrificial altar of Ru.
   417 | D        | Noticed a necrophage
   443 | D        | Killed a necrophage
   444 | D        | Reached skill level 5 in Throwing
   444 | D        | Reached skill level 14 in Stealth
   444 | D        | Reached XP level 5. HP: 28/28 MP: 6/6
   468 | D        | Became a worshipper of Dithmenos the Shadowed
   513 | D        | Found a radiant altar of Vehumet.
   513 | D        | Found a shimmering blue altar of Sif Muna.
   513 | D        | Found an ancient bone altar of Kikubaaqudgha.
   516 | D        | Noticed a red devil
   518 | D        | Reached skill level 15 in Stealth
   518 | D        | Reached skill level 1 in Invocations
   524 | D        | Slain by a red devil

Illustrated notes

Levels and vault maps discovered:
D:        dungeon_sprint_mu [sprint_mu_entry_cave, sprint_mu_temple_rooms,
          sprint_mu_d1_spiders, sprint_mu_d2_genie, sprint_mu_d3_branching,
          sprint_mu_orc_legion, sprint_mu_elf_gauntlet, sprint_mu_hive_nellie,
          sprint_mu_lair_fedhas, sprint_mu_vaults_butterflies,
          sprint_mu_slime_circle, sprint_mu_shoals_kraken,
          sprint_mu_snake_twists, sprint_mu_blade_basic,
          sprint_mu_crypt_chambers, sprint_mu_tomb_spiral,
          sprint_mu_vestibule_basic, sprint_mu_gehenna_hellfire,
          sprint_mu_dis_giant, sprint_mu_tartarus_statrot,
          sprint_mu_cocytus_islands, sprint_mu_zot1]

Skill      XL: |  1  2  3  4  5 |
---------------+----------------+-----
Stealth        | 9 10 12 14 15 | 15.3
Fighting       | 2 3 |  3.0
Short Blades   | 3 |  3.9
Throwing       | 3 4 5 |  5.5
Dodging        | 2 |  2.0
Invocations    | 1 |  1.0

Action                   |  1- 3 |  4- 6 || total
-------------------------+-------+-------++-------
Melee: Dagger            |    10 |    13 ||    23
Throw: Dart              |    14 |     7 ||    21
  Use: Potion            |     3 |     2 ||     5
 Stab: Sleeping          |     4 |       ||     4
Armor: Robe              |       |     3 ||     3
Dodge: Dodged            |     3 |     8 ||    11

Table legend: (Time is in decaauts)
 A = Elapsed time spent in this place.
 B = Non-inter-level travel time spent in this place.
 C = Inter-level travel time spent in this place.
 D = Time resting spent in this place.
 E = Time spent auto-exploring this place.
 F = Levels seen in this place.
 G = Mean time per level.
                   A        B        C        D        E       F      G
               +--------+--------+--------+--------+--------+-----+--------+
         Total |    458 |    458 |      0 |    274 |     18 |   1 |  458.0 |
       Dungeon |    458 |    458 |      0 |    274 |     18 |   1 |  458.0 |
               +--------+--------+--------+--------+--------+-----+--------+

Top non-repeatable levels by time:
       D: 458 daAuts
